 Dungeon Crawl Stone Soup version 0.17-a0-1168-gbda161f (webtiles) character file.

33156 HeyJoe the Severer (level 13, 0/127 HPs)
             Began as a Deep Dwarf Fighter on May 28, 2015.
             Was the Champion of Makhleb.
             Slain by a death yak (5 damage)
             ... on level 7 of the Lair of Beasts on May 29, 2015.
             The game lasted 00:55:36 (12231 turns).

HeyJoe the Severer (Deep Dwarf Fighter)            Turns: 12231, Time: 00:55:36

Health: 0/127      AC: 12    Str: 28    XL:     13   Next: 35%
Magic:  22/22      EV:  7    Int:  9    God:    Makhleb [******]
Gold:   955        SH:  0    Dex: 17    Spells: 0 memorised, 12 levels left

rFire  + . .     SeeInvis .     C - +9 war axe "Imathum" {chop, *Confuse rPois Str+3 Stlth+}
rCold  . . .     Clarity  .     I - +2 scale mail {rF+}
rNeg   . . .     SustAt   .     c - +0 shield
rPois  +         Gourm    .     (helmet restricted)
rElec  .         Spirit   .     M - +0 cloak
rCorr  .         Warding  .     A - +0 pair of gloves
rMut   .         Stasis   .     l - +0 pair of boots
MR     +....                    w - amulet of faith
Stlth  +.........               (no ring)
                                g - +5 ring of dexterity

@: confused, non-regenerating, somewhat resistant to hostile enchantments, very
unstealthy
A: damage resistance, recharge devices, hooves 1, horns 1, sense surroundings 2,
slow healing 3
a: Device Recharging, Minor Destruction, Lesser Servant of Makhleb, Major
Destruction, Greater Servant of Makhleb, Renounce Religion


You were on level 7 of the Lair of Beasts.
You worshipped Makhleb.
Makhleb was exalted by your worship.
You were not hungry.

You visited 3 branches of the dungeon, and saw 17 of its levels.
You also visited: Volcano.

You collected 1172 gold pieces.
You spent 217 gold pieces at shops.

Inventory:

Hand weapons
 C - the +9 war axe "Imathum" (weapon) {chop, *Confuse rPois Str+3 Stlth+}
   (You found it on level 4 of the Dungeon)

   It inflicts extra damage upon your enemies.
   It affects your strength (+3).
   It protects you from poison.
   It may confuse you when you take damage.
   It makes you more stealthy.
 G - a +3 broad axe of flaming
Armour
 b - a +0 scale mail
 c - a +0 shield (worn)
 l - a +0 pair of boots (worn)
 A - a +0 pair of gloves (worn)
 H - a +2 helmet of intelligence
 I - a +2 scale mail of fire resistance (worn)
 M - a +0 cloak (worn)
Jewellery
 g - a +5 ring of dexterity (left hand)
 w - an amulet of faith (around neck)
Magical devices
 a - a wand of slowing (3)
 h - a wand of heal wounds (1)
 k - a wand of fire (1)
 o - a wand of fireball (8)
 y - a wand of fire (12)
 O - a wand of draining (6)
 Q - a wand of fireball (8)
Scrolls
 e - 3 scrolls of teleportation
 p - 5 scrolls of recharging
 r - 13 scrolls of identify
 v - 5 scrolls of remove curse
 x - 3 scrolls of blinking
 B - 2 scrolls of enchant armour
 E - 3 scrolls of enchant weapon
 J - 2 scrolls of fog
Potions
 d - 3 potions of might
 i - 2 potions of cure mutation
 j - 4 potions of curing
 m - 2 potions of invisibility
 n - 3 potions of heal wounds
 u - 7 potions of mutation
 z - 2 potions of cancellation
 F - 2 potions of resistance
 K - a potion of haste
Books
 L - a book of Callings

   Spells                             Type                      Level
   a - Summon Small Mammal            Summoning                    1
   b - Call Imp                       Summoning                    2
   c - Call Canine Familiar           Summoning                    3
   d - Summon Guardian Golem          Hexes/Summoning              3
   e - Summon Lightning Spire         Summoning/Air                4
   f - Summon Ice Beast               Ice/Summoning                4
Comestibles
 f - 14 bread rations
 q - 15 fruits
 s - 7 chunks of flesh
 t - a slice of pizza
 D - 8 meat rations
 V - 6 royal jellies


   Skills:
 + Level 11.0 Fighting
 - Level 18.0 Axes
 - Level 3.2 Armour
 - Level 3.2 Shields
 - Level 12.0 Invocations


You had 12 spell levels left.
You didn't know any spells.

Dungeon Overview and Level Annotations

Branches:
Dungeon (9/15)             Temple (1/1) D:4            Lair (7/8) D:9
  Swamp (0/4) Lair:5       Spider (0/4) Lair:3          Orc (0/4) D:9
  Slime: Lair:6-8

Altars:
Ashenzari
Cheibriados
Dithmenos
Elyvilon
Fedhas
Gozag
Kikubaaqudgha
Makhleb
Nemelex Xobeh
Okawaru
Qazlal
Ru
Sif Muna
Trog
Vehumet
Xom
Yredelemnul
Zin
The Shining One

Shops:
D:5 *


Innate Abilities, Weirdness & Mutations

You are resistant to damage.
You can recharge devices by infusing magical energy.
You passively map the area around you.
You do not heal naturally.
You have large cloven feet.
You have a pair of small horns on your head.


Message History

Nothing appears to happen.
This wand has 2 charges left.
Your hellwing gestures at the death yak.
The death yak resists with almost no effort.
The death yak closely misses you. The death yak gores you!
* * * LOW HITPOINT WARNING * * *
Your smoke demon hits the death yak. x2
Your smoke demon hits the death yak but does no damage.
Unknown command.
Evoke which item? (* to show all) (? for menu, Esc to quit)
Zapping:
h - a wand of heal wounds (2)
Press: ? - help, Shift-Dir - straight line, f - you You heal the death yak.
The death yak is completely healed.
This wand has 1 charge left.
The four-headed hydra appears out of thin air!
A four-headed hydra comes into view.
Your hellwing hits the death yak. x2
The death yak gores you!!
* * * LOW HITPOINT WARNING * * *
The death yak gores you!
You die...

#.....##....#.....#...#
#...P..................
#P.P#.PP........#..P#.#
#***##PPP.........####.
#** ##P...D.....## #..
#.#####........<#.# ###
##.....#.........## ###
#.....3..........# #..
##..##@Y4........* ##.
*,.,*##YY........* #.
***** #YY.......#*** ##
#..........,,***P
♣♣♣♣.......,,,*##
***≈≈≈≈≈P≈≈,,,***.
***≈≈≈≈≈≈≈≈≈≈,,,,**.
**≈≈≈≈≈≈≈P≈≈≈Y,,,**#.
*≈≈≈≈≈≈≈≈≈≈P;Y,,,* *,


You could see 5 death yaks, a four-headed hydra, a friendly hellwing and a
friendly smoke demon.

Vanquished Creatures
  Nessos (Lair:6)
  Josephine (Lair:6)
  A hydra (Lair:1)
  Fannar (Lair:3)
  Pikel (D:8)
  The ghost of Herrn the Chopper, an experienced FoFi (D:6)
  A griffon (Lair:6)
  A manticore (Volcano)
  Maurice (D:8)
  6 spiny frogs
  4 black mambas
  2 molten gargoyles (Lair:5)
  A smoke demon (Lair:2)
  5 fire drakes
  3 komodo dragons (Lair:3)
  A hellwing (Lair:6)
  Prince Ribbit (D:8)
  11 blink frogs
  Sigmund (D:6)
  2 wyverns
  6 wraiths
  29 yaks
  7 hippogriffs
  A ynoxinul (Lair:6)
  Grum (D:9)
  4 fire bats (Volcano)
  5 vampire mosquitoes (Lair:5)
  4 wolves
  Duvessa (D:5)
  2 orc warriors
  12 water moccasins
  6 ogres
  4 slaves (D:8)
  16 porcupines
  3 ice beasts
  3 phantoms
  A black bear (D:8)
  A necrophage (D:8)
  6 centaurs
  2 sky beasts
  A big kobold (D:3)
  16 crocodiles
  Blork the orc (D:5)
  15 giant frogs
  A gnoll sergeant (D:7)
  Dowan (D:5)
  A water moccasin zombie (D:5)
  2 electric eels
  A scorpion (D:6)
  17 killer bees
  A wight (D:8)
  3 hounds
  5 lava snakes (Lair:5)
  5 crimson imps
  5 jellies
  8 iguanas
  13 orc wizards
  4 worker ants
  A giant frog skeleton (D:6)
  2 orc priests (D:6)
  Jessica (D:2)
  A quasit (D:6)
  A killer bee zombie (D:5)
  11 sheep
  8 adders
  3 gnolls (D:7)
  66 river rats
  2 shadow imps
  3 ufetubi (Lair:6)
  5 oozes (D:9)
  3 giant geckos
  28 orcs
  3 bat skeletons
  A bat zombie (D:7)
  8 giant cockroaches
  6 goblins
  16 hobgoblins
  2 jackals (D:3)
  4 quokkas
  A ball python (D:4)
  13 bats
  3 giant newts
  12 kobolds
  16 rats
  A butterfly (Lair:6)
  7 fungi
  4 plants
492 creatures vanquished.

Vanquished Creatures (collateral kills)
  2 hydras
  A death yak (Lair:7)
  5 blink frogs
  A basilisk (Lair:2)
  A crocodile (Lair:6)
  2 river rats (Lair:3)
12 creatures vanquished.

Vanquished Creatures (others)
  2 orange demons (Lair:6)
  A smoke demon (Lair:4)
  A hellwing (Lair:6)
  2 ynoxinuls
  A neqoxec (Lair:4)
7 creatures vanquished.

Grand Total: 511 creatures vanquished

Notes
Turn   | Place    | Note
--------------------------------------------------------------
     0 | D:1      | HeyJoe the Deep Dwarf Fighter began the quest for the Orb.
     0 | D:1      | Reached XP level 1. HP: 20/20 MP: 1/1
   486 | D:1      | Reached XP level 2. HP: 24/27 MP: 2/2
   793 | D:2      | Noticed Jessica
   804 | D:2      | Killed Jessica
   804 | D:2      | Reached skill level 4 in Axes
   804 | D:2      | Reached XP level 3. HP: 9/33 MP: 3/3
  1381 | D:3      | Found a blossoming altar of Fedhas.
  1383 | D:3      | Found a stormy altar of Qazlal.
  1486 | D:3      | Noticed a big kobold
  1497 | D:3      | Reached XP level 4. HP: 25/40 MP: 4/4
  1513 | D:3      | Killed a big kobold
  1513 | D:3      | Reached skill level 5 in Axes
  1513 | D:3      | Reached XP level 5. HP: 14/46 MP: 5/5
  1536 | D:3      | Reached skill level 6 in Axes
  1585 | D:3      | Found a basalt altar of Yredelemnul.
  1788 | D:3      | Found a snail-covered altar of Cheibriados.
  1820 | D:3      | Found a white marble altar of Elyvilon.
  2270 | D:4      | Got a scorched war axe
  2271 | D:4      | Identified the +9 war axe "Imathum" {chop, *Confuse rPois Str+3 Stlth+} (You found it on level 4 of the Dungeon)
  2280 | D:4      | Found a staircase to the Ecumenical Temple.
  2292 | Temple   | Entered the Ecumenical Temple
  2383 | D:4      | Noticed an ogre
  2388 | D:4      | Killed an ogre
  2388 | D:4      | Reached skill level 7 in Axes
  2388 | D:4      | Reached XP level 6. HP: 22/55 MP: 6/6
  2933 | D:5      | Entered Level 5 of the Dungeon
  2965 | D:5      | Reached skill level 8 in Axes
  2966 | D:5      | Noticed Blork the orc
  2983 | D:5      | Reached XP level 7. HP: 39/61 MP: 7/7
  2988 | D:5      | Killed Blork the orc
  3177 | D:5      | Reached skill level 9 in Axes
  3442 | D:5      | Found a radiant altar of Vehumet.
  3617 | D:5      | Noticed Duvessa
  3617 | D:5      | Noticed Dowan
  3622 | D:5      | Killed Duvessa
  3625 | D:5      | Killed Dowan
  3625 | D:5      | Reached skill level 10 in Axes
  3639 | D:5      | Found Esoni's Assorted Antiques.
  3642 | D:5      | Bought a runed helmet for 130 gold pieces
  3642 | D:5      | Bought a scroll labeled WULIUW GIUNOS for 29 gold pieces
  3642 | D:5      | Bought a scroll labeled GANISTR ACSAO for 29 gold pieces
  3642 | D:5      | Bought a scroll labeled VAIRIF DEIMOE for 29 gold pieces
  3802 | D:5      | Reached XP level 8. HP: 61/68 MP: 8/8
  4018 | D:6      | Reached skill level 11 in Axes
  4027 | D:6      | Found a burning altar of Makhleb.
  4027 | D:6      | Found a glowing silver altar of Zin.
  4028 | D:6      | Noticed an angel
  4028 | D:6      | Noticed a balrug
  4040 | D:6      | Became a worshipper of Makhleb the Destroyer
  4063 | D:6      | Noticed Sigmund
  4064 | D:6      | Noticed Herrn's ghost (experienced FoFi)
  4071 | D:6      | Killed Sigmund
  4080 | D:6      | Reached skill level 12 in Axes
  4166 | D:6      | Killed Herrn's ghost
  4166 | D:6      | Gained mutation: You passively map the area around you. [Deep Dwarf growth]
  4166 | D:6      | Reached XP level 9. HP: 42/74 MP: 9/9
  4239 | D:6      | Acquired Makhleb's first power
  4256 | D:6      | Reached skill level 13 in Axes
  4491 | D:7      | Acquired Makhleb's second power
  4680 | D:7      | Reached skill level 14 in Axes
  4950 | D:7      | Found a deep blue altar of Sif Muna.
  5172 | D:8      | Acquired Makhleb's third power
  5184 | D:8      | Noticed Maurice
  5206 | D:8      | Killed Maurice
  5233 | D:8      | Found a glowing golden altar of the Shining One.
  5303 | D:8      | Reached skill level 15 in Axes
  5303 | D:8      | Reached XP level 10. HP: 81/81 MP: 10/10
  5347 | D:8      | Found an opulent altar of Gozag.
  5559 | D:8      | Noticed Prince Ribbit
  5570 | D:8      | Killed Prince Ribbit
  5726 | D:8      | Noticed Pikel
  5742 | D:8      | Killed Pikel
  5742 | D:8      | Reached skill level 16 in Axes
  6009 | D:9      | Acquired Makhleb's fourth power
  6071 | D:9      | Found a staircase to the Lair.
  6093 | D:9      | Found a white marble altar of Elyvilon.
  6194 | D:9      | Found a sacrificial altar of Ru.
  6288 | D:9      | Found a shimmering altar of Xom.
  6305 | D:9      | Reached skill level 17 in Axes
  6430 | D:9      | Found a staircase to the Orcish Mines.
  6440 | D:9      | Found a snail-covered altar of Cheibriados.
  6486 | D:9      | Noticed Grum
  6498 | D:9      | Killed Grum
  6502 | D:9      | Acquired Makhleb's fifth power
  6502 | D:9      | Reached XP level 11. HP: 88/88 MP: 11/11
  6729 | Lair:1   | Entered Level 1 of the Lair of Beasts
  7022 | Lair:1   | Noticed a five-headed hydra
  7032 | Lair:1   | Killed a five-headed hydra
  7032 | Lair:1   | Reached skill level 18 in Axes
  7397 | Lair:1   | Upgraded the game from 0.17-a0-1164-g0ba867e to 0.17-a0-1168-gbda161f
  7415 | Lair:1   | Gained mutation: You have large cloven feet. [potion of beneficial mutation]
  7500 | Lair:2   | Reached skill level 5 in Invocations
  8332 | Lair:3   | Noticed Fannar
  8347 | Lair:3   | Killed Fannar
  8347 | Lair:3   | Reached skill level 10 in Invocations
  8374 | Lair:3   | Reached XP level 12. HP: 96/96 MP: 18/20
  8527 | Lair:3   | Gained mutation: You have a pair of small horns on your head. [potion of beneficial mutation]
  8534 | Lair:3   | Found a hole to the Spider Nest.
  8968 | Lair:4   | Noticed an eight-headed hydra
  8979 | Lair:4   | Killed an eight-headed hydra
  9112 | Lair:4   | You fall through a shaft for 2 floors!
  9151 | Lair:6   | Found a snail-covered altar of Cheibriados.
  9208 | Lair:6   | Noticed an eight-headed hydra
  9216 | Lair:6   | Killed an eight-headed hydra
  9220 | Lair:6   | Reached skill level 5 in Fighting
  9625 | Lair:5   | Found a staircase to the Swamp.
 11206 | Lair:6   | Noticed Nessos
 11239 | Lair:6   | Killed Nessos
 11239 | Lair:6   | Reached XP level 13. HP: 68/121 MP: 22/22
 11334 | Lair:6   | Noticed Josephine
 11342 | Lair:6   | Killed Josephine
 11449 | Lair:6   | Reached skill level 10 in Fighting
 11812 | Lair:7   | Found a dark tunnel.
 11823 | Volcano  | Entered a volcano
 12231 | Lair:7   | HP: 5/127 [death yak (21)]
 12231 | Lair:7   | Slain by a death yak

Vault maps used:
D:1:      ncdulo_lavacross, st_stairs_2
D:2:      minmay_hedge_maze, uniq_jessica
D:3:      grunt_temple_overflow_forces_of_nature, yredelemnul_altar_generic,
          cheibriados_altar_1, lemuel_doored_altar
D:4:      minmay_temple_entry_glassed_door, first_bread
D:5:      vehumet_altar_wand_db, serial_shops, nicolae_shop_behind_doors,
          uniq_duvessa, uniq_blork_the_orc
D:6:      grunt_temple_overflow_order_and_chaos_2, corexii_leaking_fountain,
          uniq_sigmund
D:7:      led_sif_pool
D:8:      tso_oasis_becter, nicolae_gozag_seed_capital, uniq_prince_ribbit1,
          uniq_maurice, uniq_pikel
D:9:      old_standard_altar, xom_butterflies, lair_0_dummy, orc_0_dummy,
          basic_altar, hangedman_little_slice_of_home, grunt_ministairs_14,
          elyvilon_altar_4, uniq_grum
Temple:   circular_temple_6
Lair:2:   grunt_megastairs_4
Lair:3:   spider_nest_entry_web_field, guppyfry_lair_drakes, uniq_fannar
Lair:4:   nicolae_quartered_pool_medium
Lair:5:   cheibrodos_magma_flow, minmay_swamp_entry_swarm
Lair:6:   basic_altar, st_stairs_5, lemuel_fruit_fields, uniq_josephine,
          uniq_nessos
Lair:7:   lightli_volcano_entry_magma_tube, lemuel_old_faithful,
          serial_bayou_shore_a
Volcano:  volcano_pools

Action                   |  1- 3 |  4- 6 |  7- 9 | 10-12 | 13-15 || total
-------------------------+-------+-------+-------+-------+-------++-------
Melee: War axe           |    92 |   140 |   214 |   614 |   108 ||  1168
Invok: Lesser Servant of |       |       |       |    17 |     4 ||    21
Evoke: Wand              |     1 |     3 |     3 |    15 |     5 ||    27
  Use: Scroll            |       |       |     6 |    11 |     3 ||    20
       Potion            |       |       |       |    12 |       ||    12
 Stab: Sleeping          |       |     2 |       |     2 |     1 ||     5
       Distracted        |       |       |     1 |     1 |       ||     2
  Eat: Chunk             |     2 |     5 |     8 |    13 |     2 ||    30
       Royal jelly       |       |       |       |     3 |     1 ||     4
       Beef jerky        |       |       |       |     1 |       ||     1
